 Dungeon Crawl Stone Soup version 0.18-a0-19-g8b99b3a (webtiles) character file.

613 mrath the Shield-Bearer (level 7, -3/60 HPs)
             Began as a Minotaur Fighter on Nov 2, 2015.
             Slain by Menkaure (6 damage)
             ... on level 4 of the Dungeon.
             The game lasted 00:27:17 (4074 turns).

mrath the Shield-Bearer (Minotaur Fighter)          Turns: 4074, Time: 00:27:17

Health: -3/60      AC: 14    Str: 23    XL:     7   Next: 20%
Magic:  6/6        EV:  7    Int:  5    God:
Gold:   175        SH: 10    Dex:  9    Spells: 0 memorised, 6 levels left

rFire  . . .     SeeInvis .     a - +0 war axe
rCold  . . .     Clarity  .     L - +0 chain mail
rNeg   . . .     SustAt   .     c - +0 shield
rPois  .         Gourm    .     (helmet restricted)
rElec  .         Spirit   .     (no cloak)
rCorr  .         Warding  .     j - +2 pair of gloves
rMut   .         Stasis   .     H - +0 pair of boots (curse)
MR     .....                    (no amulet)
Stlth  ..........               (no ring)
                                (no ring)

@: not resistant to hostile enchantments, extremely unstealthy
A: retaliatory headbutt, horns 2
a: no special abilities


You were on level 4 of the Dungeon.
You were hungry.

You visited 1 branch of the dungeon, and saw 4 of its levels.

You collected 175 gold pieces.

Inventory:

Hand Weapons
 a - a +0 war axe (weapon)
 b - a +0 trident
 d - a +2 dagger of holy wrath
 f - a +0 whip
 m - a +0 hunting sling
 J - a +0 mace of protection
 K - a +3 spear
Missiles
 k - 37 sling bullets
 l - 128 stones (quivered)
 y - 17 poisoned needles
Armour
 c - a +0 shield (worn)
 j - a +2 pair of gloves (worn)
 H - a cursed +0 pair of boots (worn)
 L - a +0 chain mail (worn)
Jewellery
 h - an uncursed ring of magical power {unknown}
 r - an uncursed amulet of rage {unknown}
 A - an uncursed ring of fire {unknown}
 B - an uncursed ring of magical power {unknown}
Scrolls
 g - 3 scrolls of identify {unknown}
 i - a scroll of magic mapping {unknown}
 o - 3 scrolls of teleportation {unknown}
 t - a scroll of recharging {unknown}
 w - a scroll of remove curse {unknown}
 C - 2 scrolls of blinking {unknown}
 D - a scroll of enchant armour {unknown}
 E - a scroll of random uselessness {unknown}
 F - 2 scrolls of fog {unknown}
Potions
 n - a potion of degeneration {unknown}
 p - a potion of agility {unknown}
 q - a potion of heal wounds {unknown}
 x - a potion of resistance {unknown}
 z - a potion of flight {unknown}
 I - a potion of cure mutation {unknown}
Books
 G - a book of Maledictions

   Spells                             Type                      Level
   a - Corona                         Hexes                        1
   b - Ensorcelled Hibernation        Hexes/Ice                    2
   c - Confuse                        Hexes                        3
   d - Tukima's Dance                 Hexes                        3
   e - Dazzling Spray                 Conjuration/Hexes            3
Comestibles
 e - 2 bread rations
 s - 2 chunks of flesh
 u - 4 fruits
 v - 2 meat rations


   Skills:
 + Level 4.7 Fighting
 + Level 4.8 Axes
 + Level 0.9(1.1) Slings
 + Level 0.8(1.0) Throwing
 + Level 5.8 Armour
 + Level 2.6 Dodging
 + Level 0.6 Stealth
 + Level 5.9 Shields


You had 6 spell levels left.
You didn't know any spells.

Dungeon Overview and Level Annotations

Branches:
Dungeon (4/15)
 Temple: D:4-7

Altars:
Sif Muna

Shops:
D:4 !

Annotations:
D:4 Menkaure


Innate Abilities, Weirdness & Mutations

You reflexively headbutt those who attack you in melee.
You have a pair of horns on your head.


Message History

You struggle to resist.
You see here a sling bullet.
Menkaure casts a spell.
Menkaure seems to speed up.
Some of the chunks of flesh in your inventory have rotted away.
Menkaure murmurs in an indecipherable tongue.
Menkaure calls on the powers of darkness!
Your body is wracked with pain!
Menkaure mumbles in an indecipherable tongue.
You block Menkaure's attack. Menkaure barely misses you.
Your shield and chain mail prevent you from hitting Menkaure.
You headbutt Menkaure.
Menkaure is lightly damaged.
Menkaure hits you!
You slash Menkaure!
Menkaure is severely damaged.
Menkaure hits you!!
* * * LOW HITPOINT WARNING * * *
Menkaure hits you.
You die...

###### ####### #....####<....#
##### #.........###.#
#.(.######.....###.# #.#
#..............###'###.###
#.).(.....M@.#..<........#
#.....(......#...........###
...............................
.......♣............#.#.........
######...........#...........###
#♣∩♣........#..#.#......# #
#......................# #
#♣.........###.#......## #
#####.##### #......... .


You could see Menkaure.

Vanquished Creatures
  Grinder (D:3)
  Duvessa (D:4)
  Dowan (D:4)
  2 iguanas
  7 adders
  3 gnolls (D:3)
  A worm (D:2)
  6 giant geckos
  9 orcs
  12 bats
  4 giant cockroaches
  8 hobgoblins
  10 jackals
  5 kobolds
  2 quokkas (D:2)
  4 ball pythons
  2 giant gecko skeletons (D:4)
  5 giant newts
  5 goblins
  2 quokka skeletons (D:4)
  11 rats
101 creatures vanquished.

Notes
Turn   | Place    | Note
--------------------------------------------------------------
     0 | D:1      | mrath the Minotaur Fighter began the quest for the Orb.
     0 | D:1      | Reached XP level 1. HP: 19/19 MP: 0/0
   553 | D:1      | Reached XP level 2. HP: 27/27 MP: 1/1
   662 | D:1      | Reached skill level 4 in Armour
  1318 | D:2      | Reached XP level 3. HP: 33/33 MP: 2/2
  2119 | D:2      | Reached XP level 4. HP: 40/40 MP: 3/3
  2464 | D:3      | Reached skill level 1 in Dodging
  3052 | D:3      | Reached XP level 5. HP: 47/47 MP: 4/4
  3310 | D:3      | Found a deep blue altar of Sif Muna.
  3526 | D:4      | Noticed Duvessa
  3526 | D:4      | Noticed Dowan
  3630 | D:4      | Noticed Grinder
  3646 | D:3      | Killed Grinder
  3646 | D:3      | Reached skill level 5 in Armour
  3646 | D:3      | Reached skill level 5 in Shields
  3646 | D:3      | Reached XP level 6. HP: 42/53 MP: 5/5
  3831 | D:4      | Killed Duvessa
  3840 | D:4      | Killed Dowan
  3840 | D:4      | Reached XP level 7. HP: 58/60 MP: 6/6
  4040 | D:4      | Found Wameimorph's Distillery.
  4056 | D:4      | Noticed Menkaure
  4074 | D:4      | HP: 3/60 [Menkaure (18)]
  4074 | D:4      | Slain by Menkaure

Vault maps used:
D:1:      elethiomel_arrival_quiet, serial_bayou_ford_a, solitary_fountain,
          minivault_23, minmay_misc_feat_square, minmay_misc_feat_rows,
          minmay_misc_feat_iff, grunt_decor_one_mirror
D:2:      wad_river_or_something
D:3:      lemuel_blue_sif_altar
D:4:      serial_shops, nicolae_shop_trees, glass_columns_a, minivault_4,
          uniq_grinder, uniq_menkaure, uniq_crazy_yiuf_cottage, uniq_duvessa

Action                   |  1- 3 |  4- 6 |  7- 9 || total
-------------------------+-------+-------+-------++-------
Melee: War axe           |   107 |   146 |    30 ||   283
 Fire: Hunting sling     |     8 |     3 |     3 ||    14
Throw: Stone             |     3 |    11 |       ||    14
  Use: Potion            |       |     1 |       ||     1
  Eat: Chunk             |     4 |     6 |       ||    10
